 Dungeon Crawl Stone Soup version 0.19-a0-742-g4563caa (webtiles) character file.

362296 Gagarin the Hoplite (level 23, -36/285 HPs)
             Began as a Formicid Fighter on June 22, 2016.
             Was the Champion of Okawaru.
             Killed from afar by a titan (43 damage)
             ... with a bolt of lightning
             ... on level 5 of the Vaults on June 23, 2016.
             The game lasted 03:48:25 (48225 turns).

Gagarin the Hoplite (Formicid Fighter)             Turns: 48225, Time: 03:48:26

Health: -36/285    AC: 30    Str: 34    XL:     23   Next: 51%
Magic:  10/25      EV:  2    Int:  7    God:    Okawaru [******]
Gold:   2003       SH: 24    Dex: 17    Spells: 0 memorised, 22 levels left

rFire  + . .     SeeInvis .     a - +8 frozen axe "Frostbite" {freezing cloud, *Noise +Fly rC+}
rCold  + + .     Gourm    .     (armour currently unavailable)
rNeg   + + +     Faith    .     H - +4 shield of Royalty {*Drain rF+ rC+ Dex+3}
rPois  +         Spirit   .     (helmet unavailable)
rElec  .         Dismiss  .     (cloak currently unavailable)
rCorr  .         Reflect  .     (gloves currently unavailable)
SustAt .         Harm     .     (boots currently unavailable)
MR     ++...                    d - amulet of regeneration
Stlth  +++++++...               h - ring of poison resistance
                                P - +3 ring of protection

@: tree-form, heroism, corroded, very resistant to hostile enchantments,
extremely stealthy
A: permanent stasis, dig shafts and tunnels, four strong arms, (antennae 0),
agile 2, strong 1
a: Heroism, Finesse, Renounce Religion
}: 2/15 runes: serpentine, barnacled


You were on level 5 of the Vaults.
You worshipped Okawaru.
Okawaru was exalted by your worship.
You were not hungry.
You were a tree.
You visited 6 branches of the dungeon, and saw 36 of its levels.

You collected 3741 gold pieces.
You spent 1738 gold pieces at shops.

Inventory:

Hand Weapons
 a - the +8 frozen axe "Frostbite" (weapon) {freezing cloud, *Noise +Fly rC+}
   (Okawaru gifted it to you on level 11 of the Dungeon)

   It has been specially enchanted to freeze those struck by it, causing extra
   injury to most foes and up to half again as much damage against particularly
   susceptible opponents.
   It can also slow down cold-blooded creatures.
   It protects you from cold.
   It lets you fly.
   It may make noises in combat.
 g - the +5 scimitar of Kustucwi {drain, *Contam rC+++ Str+5 Int-3, unknown}
   (You found it on level 4 of the Vaults)

   A truly terrible weapon, it drains the life of those it strikes.
   It affects your strength (+5).
   It affects your intelligence (-3).
   It renders you almost immune to cold.
   It causes magical contamination when unequipped.
 w - the +8 war axe "Segiz" {flame, rC+}
   (You took it off a naga sharpshooter on level 3 of the Snake Pit)

   It has been specially enchanted to burn those struck by it, causing extra
   injury to most foes and up to half again as much damage against particularly
   susceptible opponents.
   Big, fiery blades are also staple armaments of hydra-hunters.
   It protects you from cold.
 O - a +1 arbalest of flaming
Missiles
 z - 4 tomahawks of dispersal (quivered)
 Z - 909 bolts
Armour
 n - the +7 Kryia's mail coat {DeviceHeal*2 rC+}
   (You acquired it on level 10 of the Dungeon)

   It protects you from cold.
 r - a +2 pair of boots of running (melded)
 t - the +10 pearl dragon armour "Qoboruz" (melded) {*Drain rPois rN+ Str-5 Slay+4}
   (Okawaru gifted it to you on level 4 of the Vaults)

   It affects your strength (-5).
   It affects your accuracy and damage with ranged weapons and melee attacks
   (+4).
   It protects you from poison.
   It protects you from negative energy.
   It causes draining when unequipped.
 x - a +1 scale mail of fire resistance
 E - a +2 pair of boots of flying
 G - a +1 pair of gloves of archery (melded)
 H - the +4 shield of Royalty (worn) {*Drain rF+ rC+ Dex+3}
   (You took it off a merfolk on level 3 of the Shoals)

   It affects your dexterity (+3).
   It protects you from fire.
   It protects you from cold.
   It causes draining when unequipped.
 X - a +1 cloak of magic resistance (melded)
Jewellery
 d - an amulet of regeneration (around neck)
 h - a ring of poison resistance (right branch)
 o - an uncursed amulet of guardian spirit
 v - an uncursed ring of resist corrosion
 C - an uncursed ring of sustain attributes
 P - a +3 ring of protection (left branch)
Wands
 e - a wand of lightning (9/15)
 k - a wand of digging (18/24)
 R - a wand of confusion (19/48)
 V - a wand of iceblast (5/15)
Scrolls
 l - 15 scrolls of remove curse
 p - a scroll of holy word
 y - a scroll of fog
 A - 9 scrolls of identify
 F - 4 scrolls of magic mapping
 N - 3 scrolls of vulnerability
 W - a scroll of summoning
Potions
 b - 11 potions of curing
 B - 6 potions of brilliance
 L - 3 potions of agility
 Q - 2 potions of invisibility
 S - a potion of resistance
 U - 2 potions of cancellation
 Y - a potion of magic
Miscellaneous
 K - a phial of floods
Comestibles
 c - 13 chunks of flesh
 f - 15 bread rations
 j - a beef jerky
 m - 27 fruits
 q - 3 meat rations
 M - 5 royal jellies


   Skills:
 + Level 17.8(22.8) Fighting
 + Level 1.2(6.2) Long Blades
 + Level 20.6(25.6) Axes
   Level 0.4(5.4) Bows
 + Level 7.2(12.2) Crossbows
 + Level 0.8(5.8) Throwing
 + Level 12.3(17.3) Armour
 + Level 13.1(18.1) Dodging
 + Level 5.1(10.1) Stealth
 + Level 22.1(27) Shields
 + Level 3.5 Invocations
 + Level 3.9 Evocations


You had 22 spell levels left.
You didn't know any spells.

Dungeon Overview and Level Annotations

Branches:
Dungeon (15/15)            Temple (0/1) D:7            Lair (6/6) D:11
 Shoals (4/4) Lair:2        Snake (4/4) Lair:3        Slime (0/5) Lair:6
    Orc (2/2) D:11            Elf (0/3) Orc:2        Vaults (5/5) D:14
  Crypt (0/3) Vaults:2
 Depths: D:15

Altars:
Cheibriados
Dithmenos
Makhleb
Okawaru
Pakellas
Qazlal
Vehumet
Beogh

Shops:
D:4 [   D:8 %   D:11 !   D:13 !   Orc:2 !([:[   Vaults:1 %   Vaults:4 =

Portals:
Hell: Lair:6
Trove: D:11 (give +6 demon trident)

Annotations:
Lair:2 exclusion: oklob plant


Innate Abilities, Weirdness & Mutations

You are under a permanent stasis effect.
You can dig through walls and to a lower floor.
Your four strong arms can wield two-handed weapons with a shield.
((You have a pair of large antennae on your head. (SInv)))
You are very agile. (Dex +4)
Your muscles are strong. (Str +2)


Message History

Your +1 pair of gloves of archery melds into your body.
Your +2 pair of boots of running melds into your body.
The +10 pearl dragon armour "Qoboruz" {*Drain rPois rN+ Str-5 Slay+4} melds into your body.
You feel less resistant to hostile enchantments.
Your aim is not that steady anymore.
You feel rather sluggish.
Your roots penetrate the ground.
The orc warrior no longer looks unusually strong.
The orc no longer looks unusually strong.
The vault guard seems to regain its courage.
You block the spark wasp's attack. You block the ancient lich's attack.
The orc warrior howls in fear.
The hill giant is engulfed in freezing vapours.
You block the hill giant's attack.
The orc warlord roars a battlecry!
The orc goes into a battle-frenzy!
You block the orc warlord's attack.
The titan is engulfed in freezing vapours.
The titan casts a spell at you. The bolt of lightning hits you!
You die...

#o...# #....# {
# #...o# ## H
B#. #....##.#.o
.C..#....#..p#
......WW....#
###...LCy..####
.....eC♣CCW...O
.....WCCuo.....
....EEQ*cC....o
o....E........C
###....[...####
..TT..§.... {
#.#.#....#pB#
....#o...#..#


You could see an orc warlord, 3 titans, an ancient lich, 2 frost giants, a
ghostly red very ugly thing, a sphinx, 2 stone giants, a tengu reaver, a boulder
beetle, a boulder beetle shaped shifter, a vault guard, an ettin (fleeing), a
spark wasp shaped shifter, a deep elf sorcerer, a hill giant shaped shifter, 2
deep trolls, a vault sentinel (fleeing), a phantasmal warrior, 3 earth
elementals, a yaktaur, 3 wraiths, 3 orc warriors, an ogre (fleeing), a
battlesphere and 3 orcs.

Vanquished Creatures
  Bai Suzhen (Shoals:2)
  Saint Roka (Snake:3)
  Vashnia (Snake:2)
  The ghost of tstbtto the Severer, an adept DDFi of Yredelemnul (Vaults:3)
  4 sphinxes
  2 krakens
  Agnes (Snake:2)
  2 shadow dragons
  Ilsuiw (Shoals:4)
  8 greater nagas
  A fire giant (Vaults:2)
  Roxanne (Snake:2)
  3 vault wardens
  2 frost giants (Vaults:2)
  Donald (Snake:2)
  An orc warlord (Orc:2)
  10 ironheart preservers
  9 stone giants
  11 very ugly things
  A deep elf demonologist (Vaults:4)
  A dire elephant (Lair:6)
  An ettin (Vaults:4)
  Snorg (D:12)
  2 fire dragons (Vaults:3)
  5 merfolk javelineers
  4 yaktaur captains
  A fire dragon (shapeshifter) (Vaults:3)
  12 merfolk impalers
  3 deep elf death magi
  2 rakshasas
  5 great orbs of eyes
  Harold (Orc:1)
  Erica (Lair:1)
  24 vault guards
  10 hydras
  13 naga warriors
  8 merfolk avatars
  13 ogre magi
  9 merfolk aquamancers
  2 alligator snapping turtles
  3 death knights
  8 anacondas
  2 centaur warriors
  6 satyrs
  6 death yaks
  Urug (D:12)
  9 shock serpents
  3 orc high priests (Orc:2)
  7 deep elf knights
  A sun demon (Lair:6)
  20 naga sharpshooters
  Sonja (D:10)
  A fire crab (Vaults:3)
  3 salamander mystics
  A fire crab (shapeshifter) (Vaults:4)
  2 shadow wraiths (Vaults:4)
  2 giant orange brains
  A deep troll (Vaults:5)
  16 sea snakes
  A phantasmal warrior (Vaults:4)
  9 deep elf magi
  13 orc knights
  11 naga ritualists
  8 harpies
  4 deep elf archers
  14 ironbrand convokers
  9 hill giants
  A necromancer (Vaults:2)
  31 ugly things
  A wolf spider (Vaults:3)
  A wolf spider (shapeshifter) (Vaults:4)
  22 griffons
  6 orc sorcerers
  A fire giant zombie (Vaults:2)
  11 cyclopes
  11 manticores
  A hornet (shapeshifter) (D:14)
  2 wizards
  A tengu skeleton (Vaults:2)
  19 fauns
  12 mana vipers
  11 salamanders
  3 elephants (Lair:6)
  4 hornets
  A sixfirhy (Lair:6)
  33 black mambas
  8 water nymphs
  9 sirens
  16 naga magi
  Psyche (D:11)
  11 guardian serpents
  9 spiny frogs
  4 gargoyles
  A torpor snail (shapeshifter) (Vaults:4)
  13 vault sentinels
  A smoke demon (Lair:6)
  6 orange demons (Lair:6)
  A centaur skeleton (D:14)
  A rime drake (shapeshifter) (D:13)
  A human zombie (Vaults:2)
  4 kobold demonologists
  6 komodo dragons
  4 rime drakes
  The ghost of tstbtto the Chopper, a novice GrFi of Qazlal (D:4)
  23 yaktaurs
  An efreet (D:12)
  8 freezing wraiths
  A polar bear (shapeshifter) (Vaults:1)
  An ice devil (Lair:6)
  A red devil (Lair:6)
  10 trolls
  A golden dragon simulacrum (Vaults:2)
  34 merfolk
  A sphinx simulacrum (Vaults:1)
  5 harpy zombies (Shoals:2)
  2 wind drakes
  2 boulder beetles
  7 blink frogs
  A wind drake (shapeshifter) (D:14)
  A hornet zombie (D:14)
  22 two-headed ogres
  9 snapping turtles
  2 griffon zombies (Shoals:2)
  21 slime creatures
  A fire giant simulacrum (Vaults:2)
  A spriggan (D:7)
  2 wraiths (Vaults:1)
  54 yaks
  An air elemental (Orc:2)
  20 water elementals
  3 wyverns
  A basilisk (Lair:6)
  7 vampire mosquitoes
  Menkaure (D:4)
  13 hippogriffs
  4 mottled dragons
  A yaktaur simulacrum (Vaults:2)
  3 wargs
  57 nagas
  A soldier ant (shapeshifter) (Vaults:2)
  A soldier ant (D:13)
  15 water moccasins
  A hell hound (Lair:6)
  11 porcupines
  2 phantoms
  4 sky beasts
  A necrophage (D:8)
  39 orc warriors
  2 black bears
  3 ice beasts
  4 boggarts (Vaults:2)
  55 ogres
  16 centaurs
  17 wolves
  6 crocodiles
  Blork the orc (D:4)
  2 big kobolds
  21 giant frogs
  2 wyvern zombies
  A wyvern skeleton (D:14)
  8 scorpions
  A hippogriff zombie (Shoals:2)
  4 killer bees (D:10)
  6 wights
  4 electric eels
  6 crimson imps
  2 quasits
  5 centaur zombies
  20 orc priests
  6 hounds
  8 jellies
  3 giant frog skeletons
  31 orc wizards
  7 iguanas
  12 worker ants
  17 hell rats
  22 sheep
  2 hound skeletons
  A howler monkey zombie (D:6)
  4 gnolls (D:5)
  3 worker ant zombies
  12 adders
  71 river rats
  3 shadow imps
  2 oozes (D:2)
  An adder zombie (D:9)
  5 worms
  12 dart slugs
  5 giant geckos
  100 orcs
  2 ball pythons
  6 bats
  A bat zombie (Shoals:2)
  6 giant cockroaches
  9 goblins
  6 hobgoblins
  22 jackals
  22 kobolds
  3 quokkas
  A giant gecko skeleton (D:6)
  2 giant newts
  22 rats
  A bush (Lair:6)
  6 fungi
  18 plants
  3 tentacles
1651 creatures vanquished.

Vanquished Creatures (collateral kills)
  A fungus (Lair:5)
1 creature vanquished.

Vanquished Creatures (others)
  A sphinx (Vaults:5)
  A naga sharpshooter (Snake:2)
  A naga mage (Snake:4)
  A water elemental (Shoals:4)
  5 fungi
  21 plants
  10 tentacles
  112 tentacle segments
152 creatures vanquished.

Grand Total: 1804 creatures vanquished

Notes
Turn   | Place    | Note
--------------------------------------------------------------
     0 | D:1      | Gagarin the Formicid Fighter began the quest for the Orb.
     0 | D:1      | Reached XP level 1. HP: 18/18 MP: 1/1
   631 | D:1      | Reached XP level 2. HP: 24/24 MP: 2/2
   905 | D:2      | Reached skill level 4 in Shields
   905 | D:2      | Reached XP level 3. HP: 30/30 MP: 3/3
  1310 | D:2      | Reached XP level 4. HP: 33/37 MP: 4/4
  2042 | D:3      | Reached XP level 5. HP: 41/42 MP: 5/5
  2168 | D:3      | Reached skill level 1 in Dodging
  3016 | D:3      | Found an iron altar of Okawaru.
  3043 | D:3      | Became a worshipper of Warmaster Okawaru
  3101 | D:3      | Reached XP level 6. HP: 48/48 MP: 6/6
  3276 | D:4      | Reached skill level 5 in Shields
  3363 | D:4      | Noticed tstbtto's ghost (novice GrFi)
  3602 | D:4      | Found Itoman's Armour Shop.
  3620 | D:4      | Noticed a phantom
  3664 | D:4      | Killed a phantom
  3664 | D:4      | Reached skill level 5 in Armour
  3664 | D:4      | Reached XP level 7. HP: 35/55 MP: 7/7
  3725 | D:4      | Noticed Blork the orc
  3734 | D:4      | Killed Blork the orc
  3773 | D:4      | Got a scorched brass ring
  3780 | D:4      | Noticed Menkaure
  3789 | D:4      | Killed Menkaure
  3789 | D:4      | Reached * piety under Okawaru
  3966 | D:5      | Entered Level 5 of the Dungeon
  4026 | D:5      | Reached XP level 8. HP: 24/61 MP: 8/8
  4329 | D:5      | Identified the ring "Qeonola" {Ice rElec Dex+3} (You found it on level 4 of the Dungeon)
  4335 | D:5      | Reached skill level 5 in Fighting
  4335 | D:5      | Reached skill level 6 in Shields
  4876 | D:5      | Reached ** piety under Okawaru
  5574 | D:6      | Reached skill level 5 in Axes
  5616 | D:6      | Reached skill level 7 in Shields
  5616 | D:6      | Reached XP level 9. HP: 62/68 MP: 7/9
  5810 | D:6      | Found a shadowy altar of Dithmenos.
  6987 | D:7      | Found a staircase to the Ecumenical Temple.
  7329 | D:7      | Reached skill level 1 in Stealth
  7426 | D:7      | Reached *** piety under Okawaru
  7930 | D:8      | Found Kiybrih's Food Emporium.
  8296 | D:8      | Reached skill level 8 in Shields
  8324 | D:8      | Found a radiant altar of Vehumet.
  8415 | D:8      | Reached **** piety under Okawaru
  8415 | D:8      | Reached XP level 10. HP: 60/77 MP: 7/10
  8550 | D:8      | Found an oddly glowing altar of Pakellas.
  8665 | D:8      | Found a stormy altar of Qazlal.
  9232 | D:9      | Reached skill level 9 in Shields
  9362 | D:9      | Reached skill level 5 in Dodging
  9438 | D:10     | Entered Level 10 of the Dungeon
  9467 | D:10     | Noticed Sonja
  9517 | D:10     | HP: 3/79 [poisoned by Sonja (curare-tipped needle)]
  9522 | D:10     | HP: 3/79 [poisoned by Sonja (curare-tipped needle)]
  9529 | D:10     | HP: 2/79 [poisoned by Sonja (curare-tipped needle)]
  9537 | D:10     | HP: 2/79 [poisoned by Sonja (curare-tipped needle)]
  9895 | D:10     | Noticed a hill giant
 10603 | D:10     | Found an iron altar of Okawaru.
 10693 | D:10     | Reached skill level 1 in Evocations
 10708 | D:10     | Reached ***** piety under Okawaru
 10708 | D:10     | Reached skill level 10 in Shields
 10708 | D:10     | Reached XP level 11. HP: 55/84 MP: 8/12
 10720 | D:10     | Killed Sonja
 11091 | D:10     | Identified 2 scrolls of acquirement
 11415 | D:10     | Killed a hill giant
 11634 | D:4      | Killed tstbtto's ghost
 11791 | D:11     | Found a staircase to the Lair.
 11797 | Lair:1   | Entered Level 1 of the Lair of Beasts
 11869 | D:11     | Found a staircase to the Orcish Mines.
 11905 | D:11     | Found a roughly hewn altar of Beogh.
 12206 | D:11     | Noticed a cyclops
 12215 | D:11     | Killed a cyclops
 12215 | D:11     | Received a gift from Okawaru
 12259 | D:11     | Noticed Psyche
 12268 | D:11     | Reached skill level 11 in Shields
 12273 | D:11     | Killed Psyche
 12439 | D:11     | Noticed a seven-headed hydra
 12441 | D:11     | Noticed a cyclops
 12734 | D:12     | Noticed Snorg
 12755 | D:12     | Killed Snorg
 12757 | D:12     | Received a gift from Okawaru
 12757 | D:12     | Reached XP level 12. HP: 29/94 MP: 3/14
 13236 | D:11     | Found Umicvi's Distillery.
 13239 | D:11     | Bought a potion of heal wounds for 80 gold pieces
 13239 | D:11     | Bought a potion of heal wounds for 80 gold pieces
 13281 | D:11     | Received a gift from Okawaru
 13282 | D:11     | Got a smoking plate armour {god gift}
 13295 | D:11     | Identified the +1 plate armour of the Bulwark {MP+9 Str-3 Int-5 SInv} (Okawaru gifted it to you on level 11 of the Dungeon)
 13489 | D:11     | Reached skill level 12 in Shields
 13530 | D:11     | Killed a nine-headed hydra
 13561 | D:11     | Found a portal to a secret trove of treasure.
 13875 | D:12     | Found a snail-covered altar of Cheibriados.
 13951 | D:12     | Noticed Urug
 13962 | D:12     | Killed Urug
 14669 | D:11     | Reached XP level 13. HP: 77/101 MP: 12/15
 14965 | Lair:1   | Noticed Erica
 14968 | Lair:1   | Killed Erica
 14968 | Lair:1   | Reached skill level 10 in Axes
 14968 | Lair:1   | Reached skill level 13 in Shields
 15460 | Lair:1   | Reached ****** piety under Okawaru
 15788 | Lair:2   | Found a staircase to the Shoals.
 15893 | Lair:2   | Received a gift from Okawaru
 16030 | Lair:2   | Reached skill level 10 in Armour
 16096 | Lair:2   | Reached skill level 10 in Fighting
 16906 | Lair:3   | Received a gift from Okawaru
 16928 | Lair:3   | Found a staircase to the Snake Pit.
 17020 | Lair:3   | Noticed a five-headed hydra
 17034 | Lair:3   | Killed a one-headed hydra
 17220 | Lair:3   | Noticed a five-headed hydra
 17230 | Lair:3   | Killed a one-headed hydra
 17230 | Lair:3   | Reached skill level 14 in Shields
 17810 | Lair:4   | Noticed a four-headed hydra
 17821 | Lair:4   | Killed a one-headed hydra
 17821 | Lair:4   | Reached XP level 14. HP: 105/111 MP: 13/16
 17979 | Lair:4   | Gained mutation: You are weak. (Str -2) [potion of mutation]
 17979 | Lair:4   | Lost mutation: You are weak. (Str -2) [potion of mutation]
 17979 | Lair:4   | Gained mutation: You are agile. (Dex +2) [potion of mutation]
 17984 | Lair:4   | Gained mutation: Your muscles are strong. (Str +2) [potion of mutation]
 17984 | Lair:4   | Gained mutation: You are very agile. (Dex +4) [potion of mutation]
 19430 | Lair:6   | Entered Level 6 of the Lair of Beasts
 19452 | Lair:6   | Found a staircase to the Slime Pits.
 19522 | Lair:6   | Received a gift from Okawaru
 19551 | Lair:6   | Reached skill level 15 in Shields
 19788 | Lair:6   | Noticed a dire elephant
 19800 | Lair:6   | Killed a dire elephant
 19804 | Lair:6   | Received a gift from Okawaru
 19887 | Lair:6   | Found a burning altar of Makhleb.
 19910 | Lair:6   | Reached XP level 15. HP: 34/119 MP: 2/17
 19934 | Lair:6   | Found a gateway to Hell.
 20803 | Lair:6   | Reached skill level 1 in Long Blades
 21172 | Orc:1    | Entered Level 1 of the Orcish Mines
 21172 | Orc:1    | Noticed Harold
 21182 | Orc:1    | Killed Harold
 21182 | Orc:1    | Reached skill level 16 in Shields
 21665 | Orc:2    | Entered Level 2 of the Orcish Mines
 21838 | Orc:2    | Found a staircase to the Elven Halls.
 21838 | Orc:2    | Found Toreid's Distillery.
 21888 | Orc:2    | Bought 2 potions of heal wounds for 150 gold pieces
 21888 | Orc:2    | Bought a potion of heal wounds for 75 gold pieces
 21888 | Orc:2    | Bought a potion of heal wounds for 75 gold pieces
 21888 | Orc:2    | Bought a potion of lignification for 45 gold pieces
 21888 | Orc:2    | Bought a potion of lignification for 45 gold pieces
 21888 | Orc:2    | Bought a potion of curing for 45 gold pieces
 21892 | Orc:2    | Bought a potion of degeneration for 15 gold pieces
 22111 | Orc:2    | Found Qaowul's Weapon Shop.
 22153 | Orc:2    | Received a gift from Okawaru
 22172 | Orc:2    | Found Utivuy's Book Emporium.
 22269 | Orc:2    | Found Plog's Antique Armour Emporium.
 22271 | Orc:2    | Found Koont's Antique Armour Shop.
 22397 | Orc:2    | Bought an ancient cloak for 266 gold pieces
 22419 | Orc:2    | Identified the cursed +0 cloak "Zuhudd" {*Corrode rPois Slay+3 Stlth+} (You bought it in a shop on level 2 of the Orcish Mines)
 22645 | Orc:1    | Noticed an orc warlord
 22671 | Orc:2    | Killed an orc warlord
 22973 | Orc:2    | Upgraded the game from 0.19-a0-734-ge18daf0 to 0.19-a0-742-g4563caa
 23800 | Snake:1  | Entered Level 1 of the Snake Pit
 23840 | Snake:1  | Reached skill level 10 in Dodging
 24457 | Snake:2  | Noticed Vashnia
 24466 | Snake:2  | Reached XP level 16. HP: 74/128 MP: 10/18
 24479 | Snake:2  | Killed Vashnia
 24479 | Snake:2  | Reached skill level 1 in Invocations
 24876 | Snake:2  | Noticed Roxanne
 25047 | Snake:2  | Noticed Donald
 25059 | Snake:2  | Killed Donald
 25154 | Snake:2  | Received a gift from Okawaru
 25155 | Snake:2  | Got a distressingly furry ring mail {god gift}
 25177 | Snake:2  | Identified the +0 ring mail of an ice cave {rPois Int+3 SInv} (Okawaru gifted it to you on level 2 of the Snake Pit)
 25189 | Snake:2  | Noticed Agnes
 25202 | Snake:2  | Killed Agnes
 25202 | Snake:2  | Reached skill level 1 in Crossbows
 26111 | Lair:1   | Reached skill level 17 in Shields
 26111 | Lair:1   | Reached XP level 17. HP: 136/136 MP: 19/19
 26267 | Snake:2  | Killed Roxanne
 26277 | Snake:2  | Identified Roxanne's Almanac of Moulding (You took it off Roxanne on level 2 of the Snake Pit)
 27066 | Snake:3  | Received a gift from Okawaru
 27651 | Snake:3  | Reached XP level 18. HP: 142/144 MP: 20/20
 27772 | Snake:3  | Reached skill level 15 in Axes
 27784 | Snake:4  | Entered Level 4 of the Snake Pit
 28238 | Snake:4  | Reached skill level 5 in Crossbows
 28242 | Snake:4  | Noticed Saint Roka
 28630 | Snake:3  | Received a gift from Okawaru
 28749 | Snake:3  | Killed Saint Roka
 28749 | Snake:3  | Reached skill level 18 in Shields
 29240 | Snake:4  | Received a gift from Okawaru
 29415 | Snake:4  | Received a gift from Okawaru
 29745 | Snake:4  | Received a gift from Okawaru
 29746 | Snake:4  | Got a pair of slimy boots {god gift}
 29781 | Snake:4  | Identified the -2 pair of boots of Happy Babbling {+Inv rElec rF++ Int-2} (Okawaru gifted it to you on level 4 of the Snake Pit)
 30567 | Snake:3  | Reached XP level 19. HP: 110/152 MP: 18/21
 30573 | Snake:3  | Got an uncursed iridescent war axe {flame}
 30582 | Snake:3  | Identified the +8 war axe "Segiz" {flame, rC+} (You took it off a naga sharpshooter on level 3 of the Snake Pit)
 30790 | Snake:4  | Reached skill level 19 in Shields
 31200 | Snake:4  | Got a serpentine rune of Zot
 31685 | Shoals:1 | Entered Level 1 of the Shoals
 32074 | Shoals:1 | Received a gift from Okawaru
 34146 | Shoals:3 | Reached skill level 15 in Fighting
 34158 | Shoals:3 | Got a scorched shield
 34169 | Shoals:3 | Identified the +4 shield of Royalty {*Drain rF+ rC+ Dex+3} (You took it off a merfolk on level 3 of the Shoals)
 34249 | Shoals:3 | Reached XP level 20. HP: 140/162 MP: 19/22
 34375 | Shoals:3 | Received a gift from Okawaru
 34376 | Shoals:3 | Got a slimy scale mail {god gift}
 34550 | Shoals:3 | Identified the +1 scale mail of Cofutuc {+Blink Dex+4} (Okawaru gifted it to you on level 3 of the Shoals)
 35372 | Shoals:4 | Entered Level 4 of the Shoals
 35376 | Shoals:4 | Reached skill level 20 in Shields
 35453 | Shoals:4 | Noticed Bai Suzhen
 36005 | Shoals:2 | Killed Bai Suzhen
 36551 | Shoals:4 | Noticed Ilsuiw
 37418 | Shoals:4 | Killed Ilsuiw
 37541 | Shoals:4 | Got a bloodstained whip {speed}
 38001 | Shoals:4 | Got a barnacled rune of Zot
 38550 | Shoals:4 | Identified Siav's Guide on Beguiling and Dark Secrets
 38675 | Shoals:4 | Received a gift from Okawaru
 38676 | Shoals:4 | Got a pitted broad axe {god gift}
 38677 | Shoals:4 | Identified the +4 broad axe "Ocofuar" {drain, rPois rN+ Stlth+} (Okawaru gifted it to you on level 4 of the Shoals)
 38696 | Shoals:4 | Got an ancient leather armour
 39213 | Lair:1   | Identified the +9 whip of Fury {speed, Dex+3} (You took it off a merfolk impaler on level 4 of the Shoals)
 39226 | Lair:1   | Identified the +1 leather armour of Zoemmun {+Fly rF+} (You took it off a merfolk javelineer on level 4 of the Shoals)
 39858 | D:13     | Found Kowues's Distillery.
 39866 | D:13     | Bought a potion of curing for 51 gold pieces
 39866 | D:13     | Bought a potion of heal wounds for 85 gold pieces
 39866 | D:13     | Bought 2 potions of curing for 102 gold pieces
 39866 | D:13     | Bought 2 potions of curing for 102 gold pieces
 39866 | D:13     | Bought a potion of curing for 51 gold pieces
 39866 | D:13     | Bought a potion of curing for 51 gold pieces
 40124 | D:13     | Got a dazzling quarterstaff
 40125 | D:13     | Identified the +9 quarterstaff "Irolyabb" {flame, rN+ MP-9 Int+3} (You found it on level 13 of the Dungeon)
 40522 | D:14     | Reached XP level 21. HP: 132/170 MP: 19/23
 40562 | D:14     | Found a gate to the Vaults.
 41223 | Vaults:1 | Entered Level 1 of the Vaults
 41227 | Vaults:1 | Found Nogeil's Food Emporium.
 41319 | Vaults:1 | Received a gift from Okawaru
 41456 | Vaults:1 | Reached skill level 21 in Shields
 43327 | D:14     | Received a gift from Okawaru
 44188 | Vaults:2 | Found a staircase to the Crypt.
 44519 | Vaults:3 | Reached skill level 5 in Stealth
 44523 | Vaults:3 | Reached XP level 22. HP: 103/179 MP: 14/24
 44960 | Vaults:3 | Noticed tstbtto's ghost (adept DDFi)
 44976 | Vaults:3 | Killed tstbtto's ghost
 44976 | Vaults:3 | Received a gift from Okawaru
 44977 | Vaults:3 | Got a pair of polished boots {god gift}
 44988 | Vaults:3 | Identified the +2 pair of boots of Nostrih {+Blink} (Okawaru gifted it to you on level 3 of the Vaults)
 46676 | D:15     | Entered Level 15 of the Dungeon
 46826 | Vaults:4 | Got a bone scimitar
 47117 | Vaults:4 | Received a gift from Okawaru
 47134 | Vaults:4 | Identified a +2 pair of boots of running (You found it on level 4 of the Vaults)
 47216 | Vaults:4 | Received a gift from Okawaru
 47218 | Vaults:4 | Got a smoking pearl dragon armour {god gift}
 47318 | Vaults:4 | Found Enaf's Jewellery Shop.
 47332 | Vaults:4 | Bought an uncursed ring of resist corrosion for 420 gold pieces
 47442 | Vaults:4 | Identified the +10 pearl dragon armour "Qoboruz" {*Drain rPois rN+ Str-5 Slay+4} (Okawaru gifted it to you on level 4 of the Vaults)
 47731 | Vaults:4 | Reached XP level 23. HP: 69/188 MP: 25/25
 48013 | Vaults:5 | Entered Level 5 of the Vaults
 48050 | Vaults:4 | Received a gift from Okawaru
 48122 | Vaults:5 | Received a gift from Okawaru
 48211 | Vaults:5 | Reached skill level 22 in Shields
 48213 | Vaults:5 | Noticed an ancient lich
 48223 | Vaults:5 | Received a gift from Okawaru
 48224 | Vaults:5 | HP: 4/190 [titan (49)]
 48225 | Vaults:5 | Killed from afar by a titan

Vault maps used:
D:1:      co_arrival_random_square_maze
D:3:      okawaru_altar_gauntlet_db
D:4:      gammafunk_temple_overflow_wave, first_bread, serial_shops, shop,
          kennysheep_generic_room_3, uniq_blork_the_orc, uniq_menkaure
D:5:      kennysheep_slugbush
D:6:      kennysheep_mini, serial_bayou, serial_bayou_shore_b,
          serial_bayou_ford_a, serial_bayou_pond_d, serial_bayou_pond_d,
          serial_bayou_shore_b, minmay_misc_feat_tower,
          minmay_misc_feat_ornament
D:7:      kennysheep_nondescript, the_bakery
D:8:      vehumet_crystals, grunt_pakellas_mercury, marbit_many_paths,
          serial_shops, nicolae_shop_stone
D:10:     basic_altar, hangedman_abyss_or_decor_lesser_grid, uniq_sonja
D:11:     lair_0_dummy, minmay_orc_entry_temple_small,
          nicolae_trove_entry_crystal, serial_shops, shop, uniq_psyche
D:12:     cheibriados_altar_1, uniq_urug, uniq_snorg
D:13:     serial_shops, shop
D:14:     kennysheep_six_static_rooms, david_vaults_1, hangedman_decor_push
D:15:     grunt_enter_depths_snipers, minmay_misc_feat_pillars
Lair:1:   pond, uniq_erica
Lair:2:   minmay_lair_oklob_items, shoals_dummy_entry
Lair:3:   lemuel_ratsnest, guppyfry_snake_entry_garden
Lair:6:   evil_forest, slime_dummy, hibernation_bobbens
Shoals:1: nicolae_shoals_this_corrosion
Shoals:2: nicolae_shoals_undead_eyrie
Shoals:3: nicolae_shoals_cliffside_cave, hangedman_shoals_cup_caves
Shoals:4: shoals_end_hangedman, shoals_ilsuiw_alternative,
          nicolae_shoals_water_shrine, uniq_bai_suzhen
Snake:1:  serial_bayou_shore_a
Snake:2:  nicolae_snake_double_loop, grunt_ministairs_14, lemuel_fruit_tree,
          uniq_donald, uniq_roxanne, uniq_agnes, uniq_vashnia
Snake:4:  johnstein_snake_rune_scales, uniq_saint_roka
Orc:1:    uniq_harold
Orc:2:    st_orc_elflike, serial_shops, shop_statue
Vaults:1: nicolae_vaults_little_squares_1, nicolae_vaults_rhombus_6,
          nicolae_vaults_an_arrangement, nicolae_vaults_alarming,
          hangedman_vaults_nails, vaults_dpeg_spiral, serial_shops, shop
Vaults:2: nicolae_vaults_lopsided_apartments, ontoclasm_vaults_eye,
          nicolae_vaults_network_barrier, blue_anna_dwarven_crypt,
          ontoclasm_vaults_ligature, v_alt_pattern_6, v_pattern_3,
          grunt_vaults_hallway_short, nicolae_vaults_mini_display_case,
          hangedman_vaults_trim, ontoclasm_vaults_decontamination, v_misc_14
Vaults:3: v_misc_4, nicolae_vaults_gold_heap, nicolae_vaults_triangles,
          vaults_mumra_minichess_inversion, nicolae_vaults_network_quinsquares,
          nicolae_vaults_big_ls, v_alt_pattern_1, ontoclasm_vaults_ring_square,
          v_misc_2, ontoclasm_vaults_shuriken, ontoclasm_vaults_gateway,
          vaults_room_stairs_pillars
Vaults:4: nicolae_vaults_theta, vaults_dpeg_ring, hangedman_vaults_restitches,
          hangedman_vaults_restitches, vaults_standard_mumra_enter_the_diamond,
          ontoclasm_vaults_pinch, vaults_room_pool, v_misc_5,
          nicolae_vaults_specimen_jars, serial_shops, nicolae_shop_waterfront

Skill      XL: |  1  2  3  4  5  6  7  8  9 10 11 12 13 14 15 16 17 18 19 20 21 22 23 |
---------------+----------------------------------------------------------------------+-----
Shields        | 4 5 7 8 10 11 12 14 15 16 17 18 19 20 21 22 | 22.1
Fighting       | 4 5 6 7 8 9 10 11 12 13 14 15 16 17 | 17.8
Armour         | 4 5 6 7 8 9 10 11 12 | 12.3
Dodging        | 1 2 3 4 5 6 7 8 9 10 11 12 13 | 13.1
Axes           | 3 5 6 7 8 9 11 12 13 14 15 16 17 18 20 | 20.6
Stealth        | 1 2 3 4 5 |  5.1
Evocations     | 1 3 |  3.9
Long Blades    | 1 |  1.2
Invocations    | 2 3 |  3.5
Crossbows      | 2 4 5 6 7 |  7.2
Bows           | |  0.4
Throwing       | |  0.8

Action                   |  1- 3 |  4- 6 |  7- 9 | 10-12 | 13-15 | 16-18 | 19-21 | 22-24 || total
-------------------------+-------+-------+-------+-------+-------+-------+-------+-------++-------
Melee: War axe           |    64 |   154 |   457 |   228 |       |       |    18 |       ||   921
       Hand axe          |       |    66 |       |     6 |       |       |       |       ||    72
       Battleaxe         |       |       |       |    89 |       |       |       |       ||    89
       Executioner's axe |       |       |       |   162 |   767 |   430 |  1035 |   404 ||  2798
       Scimitar          |       |       |       |       |    41 |       |       |       ||    41
 Fire: Shortbow          |       |       |       |     5 |     7 |       |       |       ||    12
       Arbalest          |       |       |       |       |       |   124 |   166 |     7 ||   297
Throw: Tomahawk          |       |       |       |     6 |       |       |       |       ||     6
Invok: Heroism           |       |       |     1 |       |     4 |     5 |     8 |     5 ||    23
       Finesse           |       |       |       |       |       |       |     1 |       ||     1
 Abil: Dig               |       |       |       |     1 |     1 |       |     1 |     1 ||     4
Evoke: Wand              |       |       |     3 |    35 |       |       |       |       ||    38
       Disc of storms    |       |       |       |       |       |       |     1 |       ||     1
  Use: Scroll            |     1 |       |     4 |    15 |    11 |     8 |    11 |     2 ||    52
       Potion            |       |       |    12 |     5 |    18 |     1 |     6 |     3 ||    45
 Stab: Distracted        |       |       |       |       |       |     1 |     1 |       ||     2
       Sleeping          |       |       |       |       |       |       |     4 |     1 ||     5
  Eat: Chunk             |     1 |     8 |    16 |    18 |    33 |    10 |    34 |    11 ||   131
       Pizza             |       |       |       |     1 |     1 |       |       |     1 ||     3
       Fruit             |       |       |       |       |       |     6 |     1 |       ||     7
       Bread ration      |       |       |       |       |       |     1 |     3 |       ||     4
Armor: Scale mail        |    27 |    79 |   128 |   203 |   166 |    99 |   270 |    34 ||  1006
       Skin              |       |       |       |     2 |    19 |       |       |       ||    21
       Pearl dragon armo |       |       |       |       |       |       |       |    85 ||    85
Dodge: Dodged            |    19 |    95 |   170 |   254 |   311 |   154 |   629 |   239 ||  1871
Block: Shield            |    28 |   143 |   243 |   207 |       |    22 |   969 |   432 ||  2044
       Large shield      |       |       |       |   333 |  1148 |   639 |   566 |       ||  2686
       Reflection        |       |       |       |       |       |     5 |       |       ||     5
